 Dungeon Crawl Stone Soup version 0.13-a0-2174-g3a0f4b0 (webtiles) character file.

82 JacquesDerrida the Shooter (level 3, 0/29 HPs)
             Began as a Centaur Hunter on July 1, 2013.
             Succumbed to an adder's poison
             ... on Level 2 of the Dungeon.
             The game lasted 00:03:06 (1138 turns).

JacquesDerrida the Shooter (Centaur Hunter)         Turns: 1138, Time: 00:03:06

HP   0/29        AC  4     Str 14      XL: 3   Next: 30%
MP   2/2         EV  9     Int 10      God:
Gold 42          SH  0     Dex 10      Spells:  0 memorised,  2 levels left

Res.Fire  : . . .   See Invis. : .   a - +0 long sword
Res.Cold  : + . .   Warding    : .   d - +0 leather armour
Life Prot.: . . .   Conserve   : .   (no shield)
Res.Poison: .       Res.Corr.  : .   (no helmet)
Res.Elec. : .       Clarity    : .   (no cloak)
Sust.Abil.: . .     Spirit.Shd : .   (no gloves)
Res.Mut.  : .       Stasis     : .   (no barding)
Res.Rott. : .       Flight     : .   (no amulet)
Saprovore : . . .                    r - ring of sustenance {unknown}
                                     j - ring of protection from cold {unknown}

@: confused, mildly poisoned, very quick, not resistant to hostile enchantments,
extremely unstealthy
A: hooves 3, deformed body, herbivore 1, speed 2, fast metabolism 1, tough skin
3
a: no special abilities


You were on level 2 of the Dungeon.
You were not hungry.

You visited 1 branch of the dungeon, and saw 2 of its levels.

You collected 22 gold pieces.

Inventory:

Hand weapons
 a - a +0,+0 long sword (weapon)
 b - a +1,+1 bow
 q - a +0,+0 short sword
Missiles
 c - 18 arrows
Armour
 d - a +0 leather armour (worn)
Magical devices
 o - a wand of hasting (4)
Comestibles
 f - 2 bread rations
 p - a chunk of adder flesh
Scrolls
 e - a scroll of enchant weapon II {unknown}
 g - a scroll of identify
 h - a scroll of enchant armour {unknown}
 i - a scroll of noise {unknown}
 k - a scroll of curse jewellery {unknown}
 l - a scroll of remove curse {unknown}
 m - a scroll of curse armour {unknown}
Jewellery
 j - a ring of protection from cold (left hand) {unknown}
 r - a ring of sustenance (right hand) {unknown}


   Skills:
 - Level 1.0 Fighting
 + Level 6.8 Bows
 - Level 1.3 Dodging
 - Level 0.5 Stealth


You had 2 spell levels left.
You didn't know any spells.

Dungeon Overview and Level Annotations

Branches:
Dungeon (2/27)

Altars:


Innate Abilities, Weirdness & Mutations

You have hooves in place of feet.
Armour fits poorly on your strangely shaped body.
You digest meat inefficiently.
You cover ground very quickly.
You have a fast metabolism.
You have extremely tough skin (AC +3).


Message History

You feel sick. The adder bites you but does no damage.
The adder barely misses you.
You barely miss the adder. You kick the adder.
The adder is heavily wounded.
The adder bites you but does no damage.
You hit the adder. You kick the adder, but do no damage.
The adder is heavily wounded.
* * * LOW HITPOINT WARNING * * *
You feel sick. The adder barely misses you. The adder barely misses you.
The ooze jiggles.
You closely miss the adder.
The adder is moderately wounded.
The adder bites you.
* * * LOW HITPOINT WARNING * * *
The adder bites you.
* * * LOW HITPOINT WARNING * * *
Drink which item? (? for menu, Esc to quit)
You are confused.
It was a potion of confusion.
You die...

#......# #......# ##
#......####......####
#......##......#....##
#..................[.
####...##.....##....
#...#####.###...#
#....#......#...#
####....#..........#######
...........JS@................
......#...#####)......#######
......#...# ##.......# #
........... #........# #
..####.#... #........# .
#.#....#...##...#
#.#...###>###...# #.#.. ....
...... ###.###.####


You could see an ooze and an adder.

Vanquished Creatures
  An adder (D:2)
  A giant mite (D:1)
  A worm (D:2)
  2 ball pythons
  3 bats (D:1)
  A giant cockroach (D:1)
  3 hobgoblins
  3 giant newts (D:1)
  A goblin (D:1)
  4 kobolds (D:1)
  2 rats
22 creatures vanquished.

Notes
Turn   | Place    | Note
--------------------------------------------------------------
     0 | D:1      | JacquesDerrida, the Centaur Hunter, began the quest for the Orb.
     0 | D:1      | Reached XP level 1. HP: 17/17 MP: 0/0
   385 | D:1      | Reached XP level 2. HP: 21/24 MP: 1/1
   459 | D:1      | Reached skill level 6 in Bows
  1008 | D:2      | Reached XP level 3. HP: 20/29 MP: 2/2
  1137 | D:2      | HP: 1/29 [adder (1)]
  1138 | D:2      | Succumbed to an adder's poison

Action                   || total
-------------------------++-------
Melee: Short sword       ||    74
       Long sword        ||    11
 Fire: Bow               ||     4
Evoke: Wand              ||     1
  Use: Scroll            ||     1
       Potion            ||     1
